 Dungeon Sprint DCSS version 0.17-a0-1324-ga541562 (webtiles) character file.

32 Kidiri the Sneak (level 3, -1/16 HPs)
             Began as a Spriggan Enchanter on June 9, 2015.
             Was an Initiate of Dithmenos.
             Slain by a giant frog (3 damage)
             ... in the Dungeon (Sprint IX: "|||||||||||||||||||||||||||||").
             The game lasted 00:01:38 (347 turns).

Kidiri the Sneak (Spriggan Enchanter)                Turns: 347, Time: 00:01:38

Health: -1/16      AC:  3    Str:  4    XL:     3   Next: 8%
Magic:  5/9        EV: 21    Int: 19    God:    Dithmenos [......]
Gold:   0          SH:  0    Dex: 20    Spells: 4 memorised, 1 level left

rFire  . . .     SeeInvis +     p - +2 rapier (elec)
rCold  . . .     Clarity  .     b - +1 robe
rNeg   . . .     SustAt   .     (shield restricted)
rPois  .         Gourm    .     (helmet restricted)
rElec  .         Spirit   .     (no cloak)
rCorr  .         Warding  .     (gloves unavailable)
rMut   .         NoTele   +     (boots unavailable)
MR     .....                    (no amulet)
Stlth  ++++......               r - +3 ring of dexterity
                                q - +3 ring of intelligence

@: very quick, not resistant to hostile enchantments, stealthy
A: unfitting armour, see invisible, herbivore 3, speed 3, slow metabolism 2
a: Renounce Religion


You were in the Dungeon.
You worshipped Dithmenos.
Dithmenos was noncommittal.
You were not hungry.

You visited 1 branch

Inventory:

Hand weapons
 a - a +1 dagger
 k - a +0 short sword of draining
 p - a +2 rapier of electrocution (weapon)
Armour
 b - a +1 robe (worn)
Jewellery
 q - a +3 ring of intelligence (left hand)
 r - a +3 ring of dexterity (right hand)
Magical devices
 o - a wand of draining (7)
Scrolls
 j - 2 scrolls of blinking
 m - 3 scrolls of remove curse
 n - 2 scrolls of amnesia
Potions
 e - 5 potions of curing
 f - 3 potions of heal wounds
 g - a potion of haste
 h - 4 potions of magic
 i - a potion of berserk rage
 l - a potion of invisibility
Books
 c - a book of Maledictions

   Spells                             Type                      Level
   a - Corona                         Hexes                        1
   b - Ensorcelled Hibernation        Hexes/Ice                    2
   c - Confuse                        Hexes                        3
   d - Tukima's Dance                 Hexes                        3
   e - Dazzling Spray                 Conjuration/Hexes            3
Comestibles
 d - a bread ration


   Skills:
 * Level 3.3 Short Blades
 * Level 4.8 Dodging
 * Level 6.1 Stealth
 * Level 4.4 Spellcasting
 + Level 4.1 Hexes
 + Level 0.8 Ice Magic


You had one spell level left.
You knew the following spells:

 Your Spells              Type           Power        Failure   Level  Hunger
a - Corona                Hex            ###....      2%          1    None
b - Ensorcelled Hibernat  Hex/Ice        ##....       10%         2    #......
c - Confuse               Hex            ###.....     10%         3    ###....
d - Tukima's Dance        Hex            ###.....     10%         3    ###....


Dungeon Overview and Level Annotations

Branches:
Dungeon (1/1)

Altars:
Cheibriados
Dithmenos
Elyvilon
Fedhas
Gozag
Kikubaaqudgha
Makhleb
Nemelex Xobeh
Okawaru
Qazlal
Ru
Sif Muna
Trog
Vehumet
Xom
Yredelemnul
Zin
The Shining One
Beogh
Jiyva
Lugonu


Innate Abilities, Weirdness & Mutations

You are tiny and cannot use many weapons and most armour.
You have supernaturally acute eyesight.
You are a herbivore.
You cover ground extremely quickly.
You need consume almost no food.


Message History

You completely miss the giant frog.
The giant frog is moderately wounded.
The giant frog hits you.
* * * LOW HITPOINT WARNING * * *
The giant frog misses you.
Casting: Ensorcelled Hibernation
Confirm with . or Enter, or press ? or * to list all spells.
Aiming: Ensorcelled Hibernation
Press: ? - help, Shift-Dir - straight line, f - giant frog
Aim: a giant frog (moderately wounded, chance to defeat MR: 44%)
The giant frog resists with some effort.
The giant frog hits you but does no damage.
Casting: Ensorcelled Hibernation
Confirm with . or Enter, or press ? or * to list all spells.
Aiming: Ensorcelled Hibernation
Press: ? - help, Shift-Dir - straight line, f/p - giant frog
Aim: a giant frog (moderately wounded, chance to defeat MR: 44%)
The giant frog resists with some effort.
The giant frog misses you. The giant frog hits you.
You die...

▓.▓
▓.▓
▓|▓
▓)▓
▓[▓
▓[▓
▓[▓
▓.▓
▓@▓
▓F▓
▓h▓
▓Y▓
▓K▓
▓Z▓
▓.▓
▓.▓


You could see a yak, a giant frog, a hound, a kobold and a quokka skeleton.

Vanquished Creatures
  A worker ant (D)
  2 hobgoblins (D)
  A bat (D)
  3 goblins (D)
  2 kobolds (D)
  A quokka (D)
  A rat (D)
11 creatures vanquished.

Notes
Turn   | Place    | Note
--------------------------------------------------------------
     0 | D        | Kidiri the Spriggan Enchanter began the quest for the Orb.
     0 | D        | Reached XP level 1. HP: 9/9 MP: 5/5
   219 | D        | Noticed a worker ant
   221 | D        | Reached skill level 5 in Stealth
   227 | D        | Reached XP level 2. HP: 13/13 MP: 5/7
   235 | D        | Learned a level 2 spell: Ensorcelled Hibernation
   250 | D        | Killed a worker ant
   250 | D        | Reached skill level 6 in Stealth
   250 | D        | Reached XP level 3. HP: 16/16 MP: 5/9
   255 | D        | Learned a level 3 spell: Confuse
   259 | D        | Learned a level 3 spell: Tukima's Dance
   293 | D        | Found a glowing silver altar of Zin.
   293 | D        | Found a glowing golden altar of the Shining One.
   293 | D        | Found an ancient bone altar of Kikubaaqudgha.
   293 | D        | Found a basalt altar of Yredelemnul.
   293 | D        | Found a shimmering altar of Xom.
   293 | D        | Found a radiant altar of Vehumet.
   294 | D        | Found an iron altar of Okawaru.
   295 | D        | Found a burning altar of Makhleb.
   296 | D        | Found a deep blue altar of Sif Muna.
   297 | D        | Found a bloodstained altar of Trog.
   298 | D        | Found a sparkling altar of Nemelex Xobeh.
   299 | D        | Found a white marble altar of Elyvilon.
   300 | D        | Found a roughly hewn altar of Beogh.
   301 | D        | Found a viscous altar of Jiyva.
   302 | D        | Found a corrupted altar of Lugonu.
   303 | D        | Found a blossoming altar of Fedhas.
   304 | D        | Found a snail-covered altar of Cheibriados.
   305 | D        | Found a shadowy altar of Dithmenos.
   306 | D        | Found a stormy altar of Qazlal.
   307 | D        | Found an opulent altar of Gozag.
   308 | D        | Found a sacrificial altar of Ru.
   313 | D        | Became a worshipper of Dithmenos the Shadowed
   337 | D        | Noticed a giant frog
   337 | D        | Noticed a hound
   337 | D        | Noticed a yak
   347 | D        | Slain by a giant frog

Vault maps used:
D:        linesprint

Action                   || total
-------------------------++-------
Melee: Short sword       ||    15
       Dagger            ||     4
       Rapier            ||     8
 Cast: Ensorcelled Hiber ||     3
 Stab: Sleeping          ||     2
       Distracted        ||     1
